 Dungeon Crawl Stone Soup version 0.19.0-16-g73b5abf (webtiles) character file.

123 MovingMist the Skirmisher (level 5, -7/33 HPs)
             Began as a Gargoyle Fighter on Nov 10, 2016.
             Was an Initiate of Okawaru.
             Mangled by an ogre
             ... wielding a cursed -1 giant club
              (11 damage)
             ... on level 4 of the Dungeon.
             The game lasted 00:05:03 (2762 turns).

MovingMist the Skirmisher (Gargoyle Fighter)        Turns: 2762, Time: 00:05:04

Health: -7/33      AC: 14    Str: 20    XL:     5   Next: 7%
Magic:  5/5        EV:  8    Int:  8    God:    Okawaru [......]
Gold:   141        SH:  9    Dex: 10    Spells: 0 memorised, 4 levels left

rFire  . . .     SeeInvis .     a - +0 flail
rCold  . . .     Gourm    .     b - +0 scale mail
rNeg   + . .     Faith    .     c - +0 shield
rPois  ∞         Spirit   .     t - +0 helmet
rElec  +         Reflect  .     (no cloak)
rCorr  .         Harm     .     (no gloves)
MR     .....                    (no boots)
Stlth  ..........               (no amulet)
                                (no ring)
                                o - +2 ring of protection

@: no status effects
A: negative energy resistance 1, electricity resistance, unbreathing,
petrification resistance, rot immunity, AC +4
a: Renounce Religion


You were on level 4 of the Dungeon.
You worshipped Okawaru.
Okawaru was noncommittal.
You were hungry.

You visited 1 branch of the dungeon, and saw 4 of its levels.

You collected 141 gold pieces.

Inventory:

Hand Weapons
 a - a +0 flail (weapon)
Armour
 b - a +0 scale mail (worn)
 c - a +0 shield (worn)
 t - a +0 helmet (worn)
Jewellery
 o - a +2 ring of protection (left hand)
Scrolls
 e - a scroll of amnesia {unknown}
 g - 2 scrolls of random uselessness {unknown}
 i - a scroll of remove curse
 j - a scroll of enchant weapon {unknown}
 l - a scroll of recharging {unknown}
 n - 2 scrolls of identify {unknown}
 q - a scroll of teleportation {unknown}
 s - a scroll of immolation {unknown}
Potions
 d - a potion of might
 k - 2 potions of degeneration {unknown}
 m - a potion of agility {unknown}
 r - 2 potions of flight {unknown}
Comestibles
 f - 4 bread rations
 h - a slice of pizza
 p - a meat ration


   Skills:
 + Level 4.1 Fighting
 + Level 2.5 Maces & Flails
 - Level 3.2 Armour
 * Level 2.4 Dodging
 + Level 3.8 Shields


You had 4 spell levels left.
You didn't know any spells.

Dungeon Overview and Level Annotations

Branches:
Dungeon (4/15)
 Temple: D:4-7

Altars:
Okawaru


Innate Abilities, Weirdness & Mutations

You are resistant to torment.
Your stone body is resilient. (AC +4)
You are immune to poison.
You resist negative energy. (rN+)
You are resistant to electric shocks. (rElec)
You can survive without breathing.
You are immune to petrification.
You are immune to rotting.


Message History

You hit the ogre.
The ogre is lightly wounded.
The ogre barely misses you.
You completely miss the ogre.
The ogre is lightly wounded.
The ogre hits you with a giant club!!
Ouch! That really hurt!
* * * LOW HITPOINT WARNING * * *
The ogre hits you with a giant club.
* * * LOW HITPOINT WARNING * * *
You hit the ogre but do no damage.
The ogre is lightly wounded.
You block the ogre's attack.
You sock the ogre!
The ogre is moderately wounded.
The ogre barely misses you.
You hit the ogre.
The ogre is heavily wounded.
The ogre hits you with a giant club!
You die...

#######
#.....#
#.....#
#......
###.....#
#.......#
#.....#
#.#.#O#
#...#@# #
#..##.#
#.#..[..#
#.......#
####.####
#......#
#.##<#.#
# #.#.#
#.#.#


You could see an ogre.

Vanquished Creatures
  Robin (D:3)
  A gnoll (D:1)
  An ooze (D:1)
  A worm (D:2)
  2 dart slugs (D:1)
  2 leopard geckos (D:1)
  4 orcs (D:3)
  3 giant cockroaches (D:1)
  17 goblins
  10 hobgoblins
  10 jackals
  7 kobolds
  A quokka (D:3)
  2 bats (D:1)
  3 frilled lizards
  10 rats
  3 plants (D:1)
78 creatures vanquished.

Notes
Turn   | Place    | Note
-------+----------+-------------------------------------------
     0 | D:1      | MovingMist the Gargoyle Fighter began the quest for the Orb.
     0 | D:1      | Reached XP level 1. HP: 14/14 MP: 1/1
    83 | D:1      | Reached XP level 2. HP: 19/19 MP: 2/2
   137 | D:1      | Reached skill level 1 in Dodging
   179 | D:1      | Reached XP level 3. HP: 2/23 MP: 3/3
   183 | D:1      | HP: 1/23 [jackal (1)]
   897 | D:1      | Reached XP level 4. HP: 29/29 MP: 4/4
  1737 | D:2      | Reached skill level 4 in Fighting
  2259 | D:3      | Found an iron altar of Okawaru.
  2265 | D:3      | Became a worshipper of Warmaster Okawaru
  2326 | D:3      | Noticed Robin
  2351 | D:3      | Killed Robin
  2351 | D:3      | Reached XP level 5. HP: 31/33 MP: 5/5
  2751 | D:4      | Noticed an ogre
  2762 | D:4      | Mangled by an ogre

Skill      XL: |  1  2  3  4 |
---------------+-------------+-----
Dodging        | 1 2 |  2.4
Fighting       | 4 |  4.1
Maces & Flails | |  2.5
Armour         | |  3.2
Shields        | |  3.8

Action                   |  1- 3 |  4- 6 || total
-------------------------+-------+-------++-------
Melee: Flail             |   115 |   209 ||   324
  Use: Scroll            |       |     1 ||     1
  Eat: Chunk             |       |     6 ||     6
Armor: Scale mail        |    55 |    53 ||   108
Dodge: Dodged            |    34 |    49 ||    83
Block: Shield            |    67 |    69 ||   136
